 Dungeon Crawl Stone Soup version 0.30.1 (webtiles) character file.

Game seed: 6749724395667096502

813 Sabo the Chopper (level 7, 0/55 HPs)
             Began as a Demonspawn Berserker on July 9, 2023.
             Was a Priest of Trog.
             Slain by Pikel
             ... wielding a +2 whip of flaming
              (1 damage)
             ... on level 5 of the Dungeon.
             The game lasted 00:19:33 (3772 turns).

Sabo the Chopper (Demonspawn Berserker)             Turns: 3772, Time: 00:19:33

Health: 0/55       AC:  9    Str: 20    XL:     7   Next: 61%
Magic:  7/7        EV: 10    Int:  8    God:    Trog [***...]
Gold:   251        SH: 12    Dex: 12    Spells: 6/6 levels left

rFire   . . .        s - +1 war axe (spect)
rCold   . . .        g - +0 kite shield
rNeg    . . .        v - +0 ring mail
rPois   .            (helmet restricted)
rElec   .            (no cloak)
rCorr   .            (no gloves)
SInv    +            (no boots)
Will    .....        (no amulet)
Stlth   +            c - ring of see invisible
HPRegen 0.29/turn    k - +4 ring of protection
MPRegen 0.10/turn

%: no passive effects
@: on berserk cooldown, slowed, very slow
A: antennae 2, large bone plates 1, powered by death 1
a: Renounce Religion, Berserk, Trog's Hand


You were on level 5 of the Dungeon.
You worshipped Trog.
Trog was most pleased with you.
You visited 1 branch of the dungeon, and saw 5 of its levels.

You collected 251 gold pieces.

Inventory:

Hand Weapons
 s - a +1 spectral war axe (weapon)
Missiles
 n - 18 poisoned darts (quivered)
Armour
 g - a +0 kite shield (worn)
 v - a +0 ring mail (worn)
Jewellery
 c - a ring of see invisible (left hand)
 k - a +4 ring of protection (right hand)
Wands
 u - a wand of iceblast (6)
Scrolls
 b - a scroll of fear
 h - a scroll of butterflies {unknown}
 l - a scroll of amnesia {unknown}
 m - a scroll of teleportation
 p - a scroll of noise {unknown}
Potions
 a - 2 potions of flight {unknown}
 d - 3 potions of attraction {unknown}
 e - a potion of heal wounds {unknown}
 i - a potion of brilliance {unknown}
 o - a potion of might {unknown}
 q - 2 potions of cancellation {unknown}
 r - a potion of lignification {unknown}
 t - a potion of haste {unknown}


   Skills:
 + Level 4.7 Fighting
 + Level 5.0 Axes
 + Level 3.5 Armour
 + Level 3.6 Dodging
 + Level 0.4 Stealth
 + Level 2.9 Shields


You had 6 spell levels left.
You didn't know any spells.
Your spell library was empty.

Dungeon Overview and Level Annotations

Branches:
Dungeon (5/15)
 Temple: D:4-7

Altars:
Nemelex Xobeh
Vehumet
Yredelemnul

Annotations:
D:5 Pikel


Innate Abilities, Weirdness & Mutations

You have a pair of antennae on your head.
You are partially covered in large bone plates. (SH +4)
You regenerate a little health from kills.


Message History

A red film seems to cover your vision as you go berserk!
You feel yourself moving faster!
You feel mighty! You block the gnoll's attack.
The gnoll hits you with a +0 flail.
* * * LOW HITPOINT WARNING * * *
You block the gnoll's attack.
You slash the gnoll!
The gnoll is severely wounded.
The gnoll barely misses you. You block the gnoll's attack.
The gnoll hits you but does no damage.
You slash the gnoll!
You kill the gnoll!
Trog accepts your kill.
Your attacks no longer feel as feeble.
You block the gnoll's attack. The gnoll hits you but does no damage.
You feel a strong urge to attack something.
The gnoll hits you but does no damage. You block Pikel's attack.
Things that are here:
a +0 whip; a +0 leather armour You hit Pikel but do no damage.
The gnoll barely misses you. The gnoll hits you but does no damage.
Pikel completely misses you.
You closely miss Pikel. The gnoll barely misses you.
You block the gnoll's attack. You block Pikel's attack.
You barely miss Pikel. You block the gnoll's attack. x2
You barely miss Pikel.
You are no longer berserk.
You are exhausted.
You feel yourself slow down. Pikel hits you but does no damage.
The gnoll hits you from afar with a +0 spear.
* * * LOW HITPOINT WARNING * * *
The gnoll hits you from afar with a +0 spear.
* * * LOW HITPOINT WARNING * * *
You slash Pikel!
Pikel is moderately wounded.
Pikel hits you with a +2 whip of flaming.
* * * LOW HITPOINT WARNING * * *
Pikel burns you.
* * * LOW HITPOINT WARNING * * *
You block the gnoll's attack. x2
Pikel hits you with a +2 whip of flaming.
You die...

#....... #### #.......
##... #..##.>. ##+....
#..####. ..#....###
#######..# #.
.........# #........# .
.........# #........#
........5#####........#
.......5gK@..'........#
.....).5g#####......###
#......).# #......#
......)))# +......#
.........# #......#
.........# #......#
.........# ........#
..[......# .........#
..##⌠##..##.........#


You could see Pikel, 3 lemures and 2 gnolls.

Vanquished Creatures
  Menkaure (D:4)
  An ogre (D:5)
  A black bear (D:4)
  A lemure (D:5)
  2 scorpions
  A howler monkey (D:4)
  4 hounds
  2 orc priests
  A gnoll bouda (D:5)
  An orc wizard (D:5)
  2 adders
  2 gnolls (D:5)
  3 dart slugs
  12 orcs
  5 endoplasms
  4 giant cockroaches
  9 goblins
  2 hobgoblins (D:1)
  11 jackals
  7 kobolds
  4 quokkas
  3 ball pythons
  6 bats
  A frilled lizard (D:3)
  4 rats
  A spectral orc (D:4)
91 creatures vanquished.

Notes
Turn   | Place    | Note
-------+----------+-------------------------------------------
     0 | D:1      | Sabo the Demonspawn Berserker began the quest for the Orb.
     0 | D:1      | Reached XP level 1. HP: 18/18 MP: 1/1
   314 | D:1      | Gained mutation: You have a pair of small antennae on your
                  | head. [demonic ancestry]
   314 | D:1      | Reached XP level 2. HP: 22/24 MP: 2/2
  1289 | D:2      | Reached skill level 3 in Axes
  1344 | D:2      | Gained mutation: You have a pair of antennae on your head.
                  | [demonic ancestry]
  1344 | D:2      | Reached XP level 3. HP: 22/29 MP: 3/3
  2132 | D:3      | Found a faded altar of an unknown god.
  2137 | D:3      | Reached ** piety under Trog
  2141 | D:3      | Found a radiant altar of Vehumet.
  2329 | D:3      | Reached skill level 1 in Shields
  2331 | D:3      | Reached XP level 4. HP: 26/37 MP: 4/4
  2856 | D:4      | Gained mutation: You regenerate a little health from kills.
                  | [demonic ancestry]
  2856 | D:4      | Reached XP level 5. HP: 42/42 MP: 5/5
  2903 | D:4      | Found a basalt altar of Yredelemnul.
  2949 | D:4      | Noticed a black bear
  2957 | D:4      | Killed a black bear
  2958 | D:4      | Reached skill level 4 in Axes
  2965 | D:4      | Reached XP level 6. HP: 49/49 MP: 6/6
  3337 | D:4      | Noticed Menkaure
  3344 | D:4      | Killed Menkaure
  3413 | D:4      | Gained mutation: You are partially covered in large bone
                  | plates. (SH +4) [demonic ancestry]
  3413 | D:4      | Reached XP level 7. HP: 53/55 MP: 7/7
  3615 | D:5      | Entered Level 5 of the Dungeon
  3619 | D:5      | Found a sparkling altar of Nemelex Xobeh.
  3623 | D:5      | Reached *** piety under Trog
  3696 | D:5      | Reached skill level 5 in Axes
  3740 | D:5      | Noticed Pikel
  3772 | D:5      | HP: 2/55 [Pikel/+2 whip of flaming (6)]
  3772 | D:5      | Slain by Pikel

Illustrated notes

Levels and vault maps discovered:
D:1:      dpeg_arrival_subterranean_lakeside_camping, layout_basic
D:2:      layout_basic, minmay_misc_feat_diagonals, minmay_octomino_j4
D:3:      layout_basic, nicolae_overflow_ecumenical_swirl
D:4:      layout_loops_cross, yredelemnul_forgotten_temple_becter, uniq_menkaure
D:5:      layout_basic, nemelex_xobeh_ov_fountains_minmay, xom_redecorated,
          minmay_temple_entry_mini_moons, serial_rivers,
          chequers_serial_rivers_small_a, chequers_serial_rivers_small_3,
          chequers_serial_rivers_micro_c, chequers_serial_rivers_large_b,
          chequers_serial_rivers_small_b, chequers_serial_rivers_micro_e,
          uniq_pikel

Skill      XL: |  1  2  3  4  5  6  7 |
---------------+----------------------+-----
Dodging        | 2 3 |  3.6
Axes           | 3 4 5 |  5.0
Shields        | 1 2 |  2.9
Armour         | 2 3 |  3.5
Fighting       | 4 |  4.7
Stealth        | |  0.4

Action                     |  1- 3 |  4- 6 |  7- 9 || total
---------------------------+-------+-------+-------++-------
  Melee: Hand axe          |   140 |    99 |     3 ||   242
         War axe           |       |       |    36 ||    36
 Invoke: Berserk           |     1 |     2 |     2 ||     5
    Use: Scroll            |     1 |     4 |     2 ||     7
 Armour: Animal skin       |    54 |       |       ||    54
         Leather armour    |    27 |       |       ||    27
         Ring mail         |       |    48 |    29 ||    77
  Dodge: Dodged            |    89 |    65 |    26 ||   180
  Block: Kite shield       |    46 |    48 |    40 ||   134
